 Dungeon Crawl Stone Soup version 0.21.0-3-g78d12a8 (console) character file.

874 ahub the Slasher (level 7, -3/55 HPs)
             Began as a Demonspawn Fighter on Jan 10, 2018.
             Slain by an ogre
             ... wielding a +0 giant club
              (17 damage)
             ... on level 5 of the Dungeon.
             The game lasted 00:07:22 (3598 turns).

ahub the Slasher (Demonspawn Fighter)               Turns: 3598, Time: 00:07:23

Health: -3/55      AC:  9    Str: 23    XL:     7   Next: 74%
Magic:  7/7        EV:  9    Int: 13    God:
Gold:   260        SH: 10    Dex: 12    Spells: 6/6 levels left

rFire    + . .     SeeInvis .   a - +0 long sword
rCold    . . .     Gourm    .   c - +0 shield
rNeg     . . .     Faith    .   v - +1 ring mail of Exclusion {Int+3}
rPois    .         Spirit   .   (helmet restricted)
rElec    .         Reflect  .   (no cloak)
rCorr    .         Harm     .   (no gloves)
MR       .....                  o - +0 pair of boots
Stlth    +.........             (no amulet)
HPRegen  0.18/turn              j - +5 ring of strength
MPRegen  0.10/turn              t - ring of protection from fire

@: drained
A: antennae 2, iridescent scales 1, high mp 1, mutation resistance 1, powered by
death 1
a: no special abilities


You were on level 5 of the Dungeon.
You were not hungry.

You visited 1 branch of the dungeon, and saw 5 of its levels.

You collected 260 gold pieces.

Inventory:

Hand Weapons
 a - a +0 long sword (weapon)
 u - a +0 long sword
Armour
 b - a +0 scale mail
 c - a +0 shield (worn)
 o - a +0 pair of boots (worn)
 v - the +1 ring mail of Exclusion (worn) {Int+3}
   (You found it on level 4 of the Dungeon)

   It affects your intelligence (+3).
Jewellery
 j - a +5 ring of strength (left hand)
 t - a ring of protection from fire (right hand)
Scrolls
 g - a scroll of remove curse {unknown}
 h - 3 scrolls of identify {unknown}
 k - 2 scrolls of teleportation {unknown}
 p - a scroll of blinking {unknown}
 q - 2 scrolls of magic mapping {unknown}
 s - a scroll of fear {unknown}
 w - a scroll of immolation {unknown}
Potions
 i - a potion of brilliance
 m - a potion of cancellation {unknown}
 n - a potion of curing
 r - a potion of degeneration {unknown}
Comestibles
 d - 2 chunks of flesh
 f - 9 rations


   Skills:
 + Level 4.3(3.7) Fighting
 + Level 5.4(4.7) Long Blades
 + Level 3.8(3.1) Armour
 + Level 2.5(1.9) Dodging
 + Level 4.5(3.9) Shields


You had 6 spell levels left.
You didn't know any spells.

Dungeon Overview and Level Annotations

Branches:
Dungeon (5/15)
 Temple: D:4-7

Altars:
Dithmenos
Gozag
Uskayaw

Annotations:
D:5 Prince Ribbit


Innate Abilities, Weirdness & Mutations

You have a pair of antennae on your head.
You are partially covered in iridescent scales. (AC +2)
You regenerate a little health from kills.
You have an increased reservoir of magic. (+10% MP)
You are somewhat resistant to further mutation.


Message History

* * * LOW HITPOINT WARNING * * *
You block the ogre's attack.
Prince Ribbit blinks!
You slash the ogre!
The ogre is moderately wounded.
You block the ogre's attack.
You slash the ogre!
The ogre is severely wounded.
The ogre hits you with a giant club.
* * * LOW HITPOINT WARNING * * *
Prince Ribbit blinks!
You closely miss the ogre.
The ogre is heavily wounded.
The ogre barely misses you.
You hit the ogre.
The ogre is heavily wounded.
You block the ogre's attack.
You hit the ogre.
The ogre is heavily wounded.
The ogre hits you with a giant club!
You die...

###....#.<........
#........#........
#.....##......##..
##.....##......#
#..............#
#............#.#
#.............)#
#......รท.......#
#.........[....#
#.........#..#.#
#.........##.#@#
#########.##.#O#
#.##.#F##
#.#.....+
..#..#.## ..#....#
#..#.# ##.#.#
.)..# .....#
...#..#


You could see Prince Ribbit and an ogre.

Vanquished Creatures
  The ghost of CasualChangeling the Covert, an amateur KoAs (D:3)
  An ogre (D:4)
  A scorpion (D:4)
  5 wights (D:4)
  A howler monkey (D:4)
  An orc priest (D:3)
  Jessica (D:2)
  2 orc wizards
  A worker ant (D:3)
  Robin (D:4)
  5 adders
  A shadow imp (D:5)
  An ooze (D:3)
  A worm (D:3)
  3 dart slugs
  7 leopard geckos
  10 orcs
  10 giant cockroaches
  21 goblins
  10 hobgoblins
  4 jackals (D:2)
  6 kobolds
  6 quokkas
  9 bats
  7 frilled lizards
  7 rats
123 creatures vanquished.

Notes
Turn   | Place    | Note
-------+----------+-------------------------------------------
     0 | D:1      | ahub the Demonspawn Fighter began the quest for the Orb.
     0 | D:1      | Reached XP level 1. HP: 18/18 MP: 1/1
   102 | D:1      | Reached skill level 2 in Long Blades
   187 | D:1      | Gained mutation: You are partially covered in iridescent scales. (AC +2) [demonic ancestry]
   187 | D:1      | Reached XP level 2. HP: 24/24 MP: 2/2
   543 | D:2      | Found a shadowy altar of Dithmenos.
   543 | D:2      | Noticed Jessica
   549 | D:2      | Killed Jessica
   549 | D:2      | Reached skill level 3 in Long Blades
   549 | D:2      | Gained mutation: You have a pair of small antennae on your head. [demonic ancestry]
   549 | D:2      | Reached XP level 3. HP: 29/29 MP: 3/3
  1086 | D:2      | Reached XP level 4. HP: 35/35 MP: 4/4
  1254 | D:2      | Reached skill level 1 in Dodging
  1775 | D:3      | Gained mutation: You regenerate a little health from kills. [demonic ancestry]
  1775 | D:3      | Reached XP level 5. HP: 41/41 MP: 5/5
  1814 | D:3      | Reached skill level 4 in Long Blades
  1916 | D:3      | Noticed CasualChangeling's ghost (amateur KoAs)
  1975 | D:3      | Killed CasualChangeling's ghost
  1975 | D:3      | Reached XP level 6. HP: 26/48 MP: 6/6
  2170 | D:3      | Found an opulent altar of Gozag.
  2663 | D:4      | Found a hide-covered altar of Uskayaw.
  2666 | D:4      | Noticed a hand axe
  2668 | D:4      | Noticed a hand axe
  2770 | D:4      | Noticed Robin
  2777 | D:4      | Killed Robin
  2880 | D:4      | Reached XP level 7. HP: 52/54 MP: 7/7
  2955 | D:4      | Reached skill level 5 in Long Blades
  3110 | D:4      | Got a faintly glowing ring mail
  3121 | D:4      | Identified the +1 ring mail of Exclusion {Int+3} (You found it on level 4 of the Dungeon)
  3538 | D:5      | Entered Level 5 of the Dungeon
  3569 | D:5      | Noticed Prince Ribbit
  3575 | D:5      | Gained mutation: You have an increased reservoir of magic. (+10% MP) [potion of mutation]
  3575 | D:5      | Gained mutation: You have a pair of antennae on your head. [potion of mutation]
  3575 | D:5      | Gained mutation: You are somewhat resistant to further mutation. [potion of mutation]
  3598 | D:5      | Slain by an ogre

Skill      XL: |  1  2  3  4  5  6  7 |
---------------+----------------------+-----
Long Blades    | 2 3 4 5 |  5.4
Shields        | 3 4 |  4.5
Dodging        | 1 2 |  2.5
Armour         | 3 |  3.8
Fighting       | 4 |  4.3

Action                   |  1- 3 |  4- 6 |  7- 9 || total
-------------------------+-------+-------+-------++-------
Melee: Long sword        |    97 |   301 |    66 ||   464
  Use: Potion            |       |     2 |     4 ||     6
  Eat: Chunk             |     1 |     3 |     1 ||     5
       Ration            |       |     1 |     1 ||     2
Armor: Scale mail        |    38 |   169 |     4 ||   211
       Ring mail         |       |       |    13 ||    13
Dodge: Dodged            |    32 |   122 |    25 ||   179
Block: Shield            |    50 |   198 |    42 ||   290
       Rpst.: Long sword |     7 |    30 |     9 ||    46
